 Dungeon Crawl Stone Soup version 0.30.1-9-gdf580d7c3d (webtiles) character file.

Game seed: 7378548626674863701

2664 lonewolfV2 the Contemplative (level 9, -4/74 HPs)
             Began as a Formicid Fighter on Oct 21, 2023.
             Was a Priest of Cheibriados.
             Slain by a yak (10 damage)
             ... on level 8 of the Dungeon.
             The game lasted 00:12:21 (8028 turns).

lonewolfV2 the Contemplative (Formicid Fighter)     Turns: 8028, Time: 00:12:22

Health: -4/74      AC:  8    Str: 28 (30) XL:     9   Next: 94%
Magic:  14/16      EV: 10    Int: 13 (15) God:    Cheibriados [***...]
Gold:   1132       SH:  7    Dex: 17 (19) Spells: 8/8 levels left

rFire   . . .        s - +12 hand axe of the Beast {flame, rCorr}
rCold   . . .        c - +0 buckler
rNeg    . . .        b - +0 scale mail
rPois   +            (helmet unavailable)
rElec   .            (no cloak)
rCorr   +            l - +1 pair of gloves
SInv    +            (no boots)
Will    .....        (no amulet) Stlth
                     (no ring)
HPRegen 0.32/turn    (no ring)
MPRegen 0.15/turn

%: no passive effects
@: lethally poisoned (-4 -> -17), very slow
A: permanent stasis, dig shafts and tunnels, antennae 3, four strong arms,
hooves 1, iridescent scales 1, deformed body, poison resistance
a: Dig, Shaft Self, Renounce Religion, Bend Time, Temporal Distortion


You were on level 8 of the Dungeon.
You worshipped Cheibriados.
Cheibriados was most pleased with you.
You visited 1 branch of the dungeon, and saw 8 of its levels.
You also visited: Ossuary.

You collected 1324 gold pieces.
You spent 192 gold pieces at shops.

Inventory:

Hand Weapons
 a - a +0 heavy war axe
 s - the +12 hand axe of the Beast (weapon) {flame, rCorr}
   (You bought it in a shop on level 6 of the Dungeon)

   rCorr:     It protects you from acid and corrosion.
Armour
 b - a +0 scale mail (worn)
 c - a +0 buckler (worn)
 l - a +1 pair of gloves (worn)
Jewellery
 q - an amulet of magic regeneration
Wands
 i - a wand of mindburst (12)
 u - a wand of iceblast (6)
 w - a wand of acid (7)
Scrolls
 e - 2 scrolls of enchant armour
 f - 3 scrolls of amnesia
 m - a scroll of magic mapping
 n - 3 scrolls of fear
 p - 3 scrolls of silence
 t - a scroll of fog
Potions
 d - a potion of might
 g - 3 potions of mutation
 h - a potion of degeneration
 j - a potion of brilliance {unknown}
 k - 3 potions of haste
 o - a potion of heal wounds
 r - a potion of lignification {unknown}
 v - 2 potions of curing
 x - a potion of cancellation {unknown}


   Skills:
 + Level 8.0 Fighting
 - Level 2.0 Axes
 - Level 4.8 Armour
 + Level 9.6 Shields
 * Level 9.7 Invocations


You had 8 spell levels left.
You didn't know any spells.
Your spell library contained the following spells:

 Spells                   Type           Power      Damage    Failure   Level
 Freeze                   Ice            0%         1d3       58%         1
 Ensorcelled Hibernation  Hex/Ice        0%         N/A       73%         2
 Frozen Ramparts          Ice            0%         1d1       91%         3
 Hailstorm                Conj/Ice       0%         3d3       91%         3
 Spider Form              Tmut/Pois      0%         N/A       91%         3
 Anguish                  Hex/Necr       0%         N/A       100%        4


Dungeon Overview and Level Annotations

Branches:
Dungeon (8/15)             Temple (0/1) D:7         Ossuary (visited)
   Lair: D:8-11

Altars:
Cheibriados
Hepliaklqana
Ru
Sif Muna

Shops:
D:6 *

Annotations:
D:5 2 transporters, Nedac819's ghost, weakling HODe


Innate Abilities, Weirdness & Mutations

You cannot be hasted, slowed, berserked, paralysed or teleported.
You can dig through walls and to a lower floor.
You have a pair of large antennae on your head. (SInv)
Your four strong arms can wield two-handed weapons with a shield.
You have large cloven feet.
You are partially covered in iridescent scales. (AC +2)
Armour fits poorly on your strangely shaped body.
Your system is resistant to poisons. (rPois)


Message History

You kill the yak!
You hit the wyvern. You burn the wyvern. You miss the water moccasin.
You feel very sick. You block the wyvern's attack.
The water moccasin closely misses you. The wyvern bites you!
The water moccasin bites you but does no damage.
A basilisk comes into view.
You block the yak's attack.
You feel your dexterity returning.
Your Fighting skill increases to level 8!
You barely miss the yak. You miss the water moccasin.
You closely miss the wyvern.
The basilisk hisses angrily.
You hit the water moccasin. You burn the water moccasin.
You feel very sick. The wyvern closely misses you.
The water moccasin barely misses you.
The water moccasin bites you but does no damage.
A wyvern comes into view.
You block the wyvern's attack. The water moccasin bites you.
You are more poisoned.
The water moccasin poisons you! The water moccasin barely misses you.
The yak gores you but does no damage.
Unknown command.
The water moccasin attacks as you move away!
The water moccasin completely misses you.
You feel very sick.
Something bites the plant!!
The plant begins to die.
The yak snorts and paws the ground.
The yak gores you but does no damage. The wyvern bites you!
* * * LOW HITPOINT WARNING * * *
You hear a shout! x2
The wyvern attacks as you move away! The wyvern barely misses you.
The yak attacks as you move away! You block the yak's attack.
* * * LOW HITPOINT WARNING * * *
You feel very sick.
The water moccasin bites you but does no damage.
You block the wyvern's attack. The water moccasin bites you!
* * * LOW HITPOINT WARNING * * *
The yak gores you!
You die...

.....# ...
#....##.. {
#####....#..
.........).
..........
........S##
.......YS.#
......†Yl@#
........Y.#
........c..(.
.PP..........#
P...l.........#
.............#.#
l........$......
.P♣............


You could see 3 yaks, a basilisk, 2 water moccasins, a wyvern and a centaur.

Vanquished Creatures
  A troll (D:6)
  Sigmund (D:2)
  A yak (D:8)
  A steam dragon (D:7)
  A water moccasin (D:8)
  2 sky beasts
  An ogre (D:4)
  An elf zombie (Ossuary)
  A phantom (D:6)
  A kobold brigand (D:6)
  A bullfrog (D:6)
  A gnoll sergeant (D:6)
  4 scorpions
  5 wights (D:7)
  A jelly (D:6)
  A gnoll bouda (D:6)
  2 hounds
  3 orc priests (D:6)
  2 sleepcaps (D:5)
  Ijyb (D:3)
  6 iguanas
  4 orc wizards
  4 mummies (Ossuary)
  3 adders
  7 gnolls (D:6)
  A shadow imp (D:6)
  A white imp (D:7)
  2 ufetubi (D:5)
  3 adder zombies (Ossuary)
  3 worms
  7 dart slugs
  22 orcs
  9 ball pythons
  4 bats
  8 endoplasms
  A gnoll zombie (Ossuary)
  7 goblins
  7 hobgoblins
  4 jackals (D:4)
  A quokka (D:3)
  3 frilled lizards
  A hobgoblin zombie (Ossuary)
  3 jackal zombies (Ossuary)
  10 kobolds
  A kobold zombie (Ossuary)
  An orc zombie (Ossuary)
  A rat (D:2)
  A rat zombie (Ossuary)
157 creatures vanquished.

Notes
Turn   | Place    | Note
-------+----------+-------------------------------------------
     0 | D:1      | lonewolfV2 the Formicid Fighter began the quest for the
                  | Orb.
     0 | D:1      | Reached XP level 1. HP: 18/18 MP: 1/1
    82 | D:1      | Reached XP level 2. HP: 14/24 MP: 2/2
   354 | D:1      | Reached XP level 3. HP: 30/30 MP: 3/3
   834 | D:2      | Noticed Sigmund
   847 | D:2      | Killed Sigmund
   848 | D:2      | Reached skill level 5 in Shields
   848 | D:2      | Reached XP level 4. HP: 19/38 MP: 4/4
   848 | D:2      | Reached XP level 5. HP: 21/43 MP: 5/5
   963 | D:2      | Reached XP level 6. HP: 49/49 MP: 6/6
  1888 | D:3      | Found a faded altar of an unknown god.
  1892 | D:3      | Prayed at the altar of an unknown god.
  1892 | D:3      | Became a worshipper of Cheibriados the Contemplative
  1892 | D:3      | Reached * piety under Cheibriados
  2306 | D:3      | Found a shimmering blue altar of Sif Muna.
  2335 | D:3      | Noticed Ijyb
  2361 | D:3      | Killed Ijyb
  2362 | D:3      | Reached skill level 1 in Invocations
  2977 | D:4      | Reached skill level 5 in Fighting
  3040 | D:4      | Noticed an ogre
  3047 | D:4      | HP: 2/51 [ogre/+0 giant club (19)]
  3051 | D:4      | Killed an ogre
  3052 | D:4      | Reached XP level 7. HP: 22/56 MP: 8/8
  3496 | D:4      | Found a hazy altar of Hepliaklqana.
  3592 | D:4      | Reached ** piety under Cheibriados
  3976 | D:4      | Identified a scroll of acquirement
  3976 | D:4      | Acquired 781 gold pieces
  3979 | D:5      | Entered Level 5 of the Dungeon
  4162 | D:5      | Found a sand-covered staircase.
  4168 | Ossuary  | Entered an ossuary
  4392 | Ossuary  | Reached XP level 8. HP: 45/64 MP: 11/11
  4557 | D:5      | Reached skill level 5 in Invocations
  4734 | D:5      | Found a transporter.
  4739 | D:5      | Found a transporter.
  4740 | D:5      | Noticed Nedac819's ghost (weakling HODe)
  5326 | D:6      | Found Won Pugin's Assorted Antiques.
  5330 | D:6      | Bought a bloodstained hand axe for 192 gold pieces
  5330 | D:6      | Identified the +12 hand axe of the Beast {flame, rCorr}
                  | (You bought it in a shop on level 6 of the Dungeon)
  5768 | D:6      | Reached *** piety under Cheibriados
  5886 | D:6      | Reached XP level 9. HP: 22/71 MP: 11/14
  6109 | D:6      | Identified the +4 whip "Loesim" {heavy, Str+3 Int+4}
  6325 | D:6      | Noticed a troll
  6334 | D:6      | Killed a troll
  7008 | D:7      | Found a staircase to the Ecumenical Temple.
  7540 | D:7      | Found a sacrificial altar of Ru.
  8014 | D:7      | Gained mutation: You are partially covered in iridescent
                  | scales. (AC +2) [potion of mutation]
  8014 | D:7      | Gained mutation: Your system is resistant to poisons.
                  | (rPois) [potion of mutation]
  8014 | D:7      | Gained mutation: Armour fits poorly on your strangely
                  | shaped body. [potion of mutation]
  8014 | D:7      | Gained mutation: You have large cloven feet. [potion of
                  | mutation]
  8028 | D:8      | Slain by a yak

Illustrated notes

Levels and vault maps discovered:
D:1:      minmay_arrival_arboretum_small, layout_loops_ring
D:2:      layout_basic, kennysheep_flooded_box, uniq_sigmund
D:3:      layout_loops_ring, mainiacjoe_overflow_alcove_2,
          ebering_ecumenical_altar_abandoned, uniq_ijyb
D:4:      layout_loops_ring, mainiacjoe_overflow_24_doors, grunt_ministairs_1
D:5:      layout_loops_ring, gammafunk_ghost_hive,
          nicolae_ossuary_entry_false_entrances
D:6:      layout_basic, serial_shops, shop
D:7:      layout_cave_pods, nicolae_ru_the_path_less_chosen,
          minmay_temple_entry_butterflies, serial_column_ruins,
          column_ruins_square_huge, column_ruins_grid_1,
          column_ruins_columns_corner, column_ruins_grid_1, column_ruins_grid_3,
          column_ruins_open_small
D:8:      layout_cave_pools, zin_treasury, minmay_lair_entry_grove

Skill      XL: |  1  2  3  4  5  6  7  8  9 |
---------------+----------------------------+-----
Fighting       | 4 5 6 8 |  8.0
Armour         | 4 |  4.8
Shields        | 5 6 7 8 9 |  9.6
Invocations    | 2 4 7 9 |  9.7
Axes           | |  2.0

Action                     |  1- 3 |  4- 6 |  7- 9 || total
---------------------------+-------+-------+-------++-------
  Melee: War axe           |    58 |   116 |   128 ||   302
         Hand axe          |       |       |   111 ||   111
         Kick              |       |       |     2 ||     2
 Invoke: Bend Time         |       |       |     7 ||     7
         Temporal Distorti |       |       |     5 ||     5
  Evoke: Wand              |       |       |     2 ||     2
    Use: Scroll            |     3 |     6 |     4 ||    13
         Potion            |     1 |     6 |     5 ||    12
 Armour: Scale mail        |    27 |    49 |   123 ||   199
  Dodge: Dodged            |    35 |    58 |   140 ||   233
  Block: Buckler           |    16 |    35 |   113 ||   164
